 Dungeon Crawl Stone Soup version 0.28-a0-845-gfc338a8e3c (webtiles) character file.

Game seed: 1515463997938776103

15 croobank the Gusty (level 2, -1/20 HPs)
             Began as a Draconian Air Elementalist on Nov 12, 2021.
             Was a Follower of Dithmenos.
             Slain by an adder (3 damage)
             ... on level 2 of the Dungeon.
             The game lasted 00:04:26 (611 turns).

croobank the Gusty (Draconian Air Elementalist)      Turns: 611, Time: 00:04:26

Health: -1/20      AC:  4    Str: 10    XL:     2   Next: 34%
Magic:  5/5        EV: 12    Int: 15    God:    Dithmenos [*.....]
Gold:   22         SH:  0    Dex: 11    Spells: 4/5 levels left

rFire   x . .      SeeInvis .   c - +0 war axe
rCold   + . .      Faith    .   (no shield)
rNeg    . . .      Spirit   .   (armour unavailable)
rPois   .          Reflect  .   (helmet restricted)
rElec   .          Harm     .   (no cloak)
rCorr   .          Rampage  .   (no gloves)
Will    .....                   (no boots)
Stlth   ++........              (no amulet)
HPRegen 0.06/turn               a - ring of ice
MPRegen 0.09/turn               (no ring)

@: lethally poisoned (-1 -> -4), wreathed by umbra
A: AC +4, unfitting armour, cold-blooded
a: Renounce Religion


You were on level 2 of the Dungeon.
You worshipped Dithmenos.
Dithmenos was aware of your devotion.
You visited 1 branch of the dungeon, and saw 2 of its levels.

You collected 22 gold pieces.

Inventory:

Hand Weapons
 c - a +0 war axe (weapon)
Missiles
 e - 64 stones
Jewellery
 a - a ring of ice (left hand)
Scrolls
 d - a scroll of immolation {unknown}
Potions
 b - 2 potions of heal wounds {unknown}
 f - a potion of invisibility {unknown}


   Skills:
 * Level 0.5 Axes
 + Level 2.0 Dodging
 + Level 2.1 Stealth
 + Level 2.0 Spellcasting
 + Level 1.0 Conjurations
 + Level 3.3 Air Magic


You had 4 spell levels left.
You knew the following spells:

 Your Spells              Type           Power      Damage    Failure   Level
a - Shock                 Conj/Air       32%        1d5       9%          1

Your spell library contained the following spells:

 Spells                   Type           Power      Damage    Failure   Level
 Static Discharge         Conj/Air       8%         N/A       14%         2
 Swiftness                Air            11%        N/A       17%         3
 Airstrike                Air            5%         N/A       50%         4


Dungeon Overview and Level Annotations

Branches:
Dungeon (2/15)

Altars:
Dithmenos

Shops:
D:1 [


Innate Abilities, Weirdness & Mutations

Your plain brown scales are hard. (AC +4)
You cannot fit into any form of body armour.
You are cold-blooded and may be slowed by cold attacks.


Message History

Found 3 scrolls labelled FUUJYH NUCREKO.
The adder hisses angrily.
You hear an angry hiss.
The frilled lizard bites you but does no damage.
An adder comes into view.
The hobgoblin hits you but does no damage.
The frilled lizard misses you.
You see here a +0 long sword.
The adder barely misses you. The frilled lizard closely misses you.
The adder closely misses you.
You completely miss the hobgoblin. The hobgoblin barely misses you. x2
You barely miss the hobgoblin. The hobgoblin hits you.
You slash the hobgoblin!
You kill the hobgoblin!
Dithmenos accepts your kill.
Your Dodging skill increases to level 2!
The adder bites you but does no damage. The adder barely misses you.
The frilled lizard closely misses you. The adder closely misses you.
You see here a hobgoblin corpse.
You closely miss the adder.
Your tail-slap misses the adder.
You hit the adder. You barely miss the frilled lizard. The adder bites you.
The frilled lizard closely misses you. The adder misses you.
The adder completely misses you. The frilled lizard misses you.
The adder bites you but does no damage.
You closely miss the adder. You hit the adder. You miss the frilled lizard.
The adder bites you but does no damage. x2; The frilled lizard bites you.
The adder closely misses you.
You completely miss the adder.
Your tail-slap misses the adder.
You closely miss the frilled lizard. You barely miss the adder.
The adder barely misses you. The adder closely misses you.
The frilled lizard bites you but does no damage.
The adder closely misses you. The adder bites you.
* * * LOW HITPOINT WARNING * * *
You are lethally poisoned!
The adder poisons you! The frilled lizard bites you.
* * * LOW HITPOINT WARNING * * *
* * * LOW HITPOINT WARNING * * *
You feel sick.
* * * LOW HITPOINT WARNING * * *
You feel sick. The adder bites you.
You die...

#### ..# #.#
######
##.########......
#...........#
#.###...#####..###
#......@#?#.#....#
#####.#S#?..#.##.#
#.#Sl.#.#.##.#
#.#.#)..#.##.#
#.#.#(#.#.##.#
#...#####..#>#
#............#
#.##########.# ###
#. ##.## #..


You could see 2 adders and a frilled lizard.

Vanquished Creatures
  A dart slug (D:1)
  An endoplasm (D:1)
  A giant cockroach (D:1)
  3 hobgoblins
  3 quokkas
  A frilled lizard (D:1)
  A kobold (D:1)
11 creatures vanquished.

Notes
Turn   | Place    | Note
-------+----------+-------------------------------------------
     0 | D:1      | croobank the Draconian Air Elementalist began the quest for
                  | the Orb.
     0 | D:1      | Reached XP level 1. HP: 14/14 MP: 3/3
   118 | D:1      | Found Nehy's Armour Shop.
   166 | D:1      | Found a faded altar of an unknown god.
   178 | D:1      | Prayed at the altar of an unknown god.
   178 | D:1      | Became a worshipper of Dithmenos the Shadowed
   178 | D:1      | Reached * piety under Dithmenos
   198 | D:1      | Reached XP level 2. HP: 20/20 MP: 5/5
   611 | D:2      | Slain by an adder

Illustrated notes

Levels and vault maps discovered:
D:1:      moated_graveyard_arrival, layout_rooms,
          ebering_ecumenical_altar_abandoned, serial_shops,
          nicolae_shop_competitors_out_of_business
D:2:      layout_loops_ring, serial_shops, shop, st_stairs_5,
          chequers_serial_rivers_small_a, minmay_split_cup_large

Skill      XL: |  1  2 |
---------------+-------+-----
Stealth        | 2 |  2.1
Dodging        | 2 |  2.0
Axes           | |  0.5
Spellcasting   | |  2.0
Conjurations   | |  1.0
Air Magic      | |  3.3

Action                   || total
-------------------------++-------
Melee: War axe           ||    24
       Unarmed           ||     6
       Tailslap          ||     1
 Cast: Shock             ||     6
  Use: Scroll            ||     3
Armor: Skin              ||    14
Dodge: Dodged            ||    47

Table legend: (Time is in decaauts)
 A = Elapsed time spent in this place.
 B = Non-inter-level travel time spent in this place.
 C = Inter-level travel time spent in this place.
 D = Time resting spent in this place.
 E = Time spent auto-exploring this place.
 F = Levels seen in this place.
 G = Mean time per level.
                   A        B        C        D        E       F      G
               +--------+--------+--------+--------+--------+-----+--------+
         Total |    621 |    621 |      0 |      0 |    445 |   2 |  310.5 |
       Dungeon |    621 |    621 |      0 |      0 |    445 |   2 |  310.5 |
               +--------+--------+--------+--------+--------+-----+--------+

Top non-repeatable levels by time:
     D:1: 557 daAuts
     D:2: 64 daAuts
